 Dungeon Crawl Stone Soup version 0.22.0-6-g71bd7aa (webtiles) character file.

301 Theowulf the Magician (level 6, -5/32 HPs)
             Began as a Deep Elf Air Elementalist on Aug 15, 2018.
             Slain by a slave (7 damage)
             ... led by Pikel
             ... on level 4 of the Dungeon.
             The game lasted 00:19:40 (4943 turns).

Theowulf the Magician (Deep Elf Air Elementalist)   Turns: 4943, Time: 00:19:41

Health: -5/32      AC:  3    Str:  5    XL:     6   Next: 14%
Magic:  3/16       EV: 14    Int: 20    God:
Gold:   200        SH:  0    Dex: 17    Spells: 10/16 levels left

rFire    . . .     SeeInvis .   n - staff of cold
rCold    + . .     Gourm    .   (no shield)
rNeg     . . .     Faith    .   a - +0 robe
rPois    .         Spirit   .   (no helmet)
rElec    .         Reflect  .   (no cloak)
rCorr    .         Harm     .   (no gloves)
MR       .....                  k - +0 pair of boots
Stlth    +++.......             (no amulet)
HPRegen  0.10/turn              (no ring)
MPRegen  0.15/turn              (no ring)

@: swift, quick
A: no striking features
a: no special abilities


You were on level 4 of the Dungeon.
You were not hungry.

You visited 1 branch of the dungeon, and saw 5 of its levels.

You collected 200 gold pieces.

Inventory:

Hand Weapons
 e - a +1 dagger
Missiles
 f - 38 arrows
Armour
 a - a +0 robe (worn)
 d - a +0 leather armour
 k - a +0 pair of boots (worn)
Magical Staves
 j - an uncursed staff of summoning
 n - an uncursed staff of cold (weapon)
Wands
 t - a wand of acid (6)
Scrolls
 b - a scroll of immolation
 i - a scroll of enchant weapon
 l - 3 scrolls of identify
 o - 2 scrolls of enchant armour {unknown}
 q - 2 scrolls of fog {unknown}
Potions
 g - a potion of heal wounds {unknown}
 h - a potion of might {unknown}
 m - a potion of haste {unknown}
 p - a potion of flight {unknown}
 r - a potion of degeneration {unknown}
 s - a potion of curing {unknown}
Comestibles
 c - 5 rations


   Skills:
 + Level 0.2 Fighting
 + Level 2.1 Short Blades
 + Level 3.3 Dodging
 + Level 3.5 Stealth
 * Level 5.8 Spellcasting
 + Level 2.3 Conjurations
 + Level 0.4 Charms
 + Level 3.6 Air Magic


You had 10 spell levels left.
You knew the following spells:

 Your Spells              Type           Power        Failure   Level  Hunger
a - Shock                 Conj/Air       ###.         3%          1    None
b - Swiftness             Chrm/Air       ##......     7%          2    None
c - Static Discharge      Conj/Air       ###.....     10%         3    ##.....

Your spell library contained the following spells:

 Spells                   Type           Power        Failure   Level  Hunger
 Lightning Bolt           Conj/Air       ###.......   65%         5    #####..
 Airstrike                Air            ###.......   24%         4    ####...


Dungeon Overview and Level Annotations

Branches:
Dungeon (5/15)
 Temple: D:4-7

Altars:
Gozag

Annotations:
D:4 Pikel


Message History

Pikel is struck by lightning.
Pikel is heavily wounded.
The lightning arcs!
The slave is struck by lightning.
The slave is moderately wounded.
The lightning grounds out.
The slave closely misses you. Pikel hits you with a whip of freezing.
* * * LOW HITPOINT WARNING * * *
The slave hits you.
* * * LOW HITPOINT WARNING * * *
The slave hits you.
* * * LOW HITPOINT WARNING * * *
The slave closely misses you.
Casting: Static Discharge (safe; 10% risk of failure)
Confirm with . or Enter, or press ? or * to list all spells.
You feel quick. The slave hits you.
* * * LOW HITPOINT WARNING * * *
The slave hits you.
* * * LOW HITPOINT WARNING * * *
The slave hits you!
You die...

#### ##... ##..^. #### #####
#..... ...# #...# ##########
#..... #..# #...###pp......#
#..... #..##....>pK.@######
##.... #.........p.### ###.....
#...##...###.###########.......
#...#......#
#................... ...
...#.### #############..>....
## ##....# #.(..... ###..#
#######....... ##..
#.....<....... #.#
#..#####.......


You could see Pikel and 4 slaves.

Vanquished Creatures
  A scorpion (D:5)
  A hound (D:5)
  A bullfrog skeleton (D:5)
  An iguana (D:5)
  2 orc wizards (D:3)
  2 adders (D:2)
  An ooze (D:3)
  3 worms
  A dart slug (D:3)
  2 leopard geckos
  8 orcs
  2 ball pythons
  8 bats
  3 giant cockroaches
  9 goblins
  5 hobgoblins
  11 kobolds
  3 quokkas (D:3)
  4 frilled lizards (D:1)
  8 rats
76 creatures vanquished.

Notes
Turn   | Place    | Note
-------+----------+-------------------------------------------
     0 | D:1      | Theowulf the Deep Elf Air Elementalist began the quest for the Orb.
     0 | D:1      | Reached XP level 1. HP: 10/10 MP: 6/6
   431 | D:1      | Reached XP level 2. HP: 15/15 MP: 6/8
  1124 | D:1      | Reached XP level 3. HP: 19/19 MP: 8/10
  1128 | D:1      | Learned a level 2 spell: Swiftness
  1132 | D:1      | Learned a level 3 spell: Static Discharge
  1404 | D:3      | Reached skill level 4 in Spellcasting
  2410 | D:2      | Found an opulent altar of Gozag.
  2420 | D:2      | Reached XP level 4. HP: 23/24 MP: 12/12
  2516 | D:3      | Reached skill level 1 in Short Blades
  3251 | D:3      | Reached XP level 5. HP: 12/28 MP: 9/14
  3454 | D:3      | Reached skill level 5 in Spellcasting
  3966 | D:3      | Found a faded altar of an unknown god.
  4147 | D:4      | Noticed a slave
  4148 | D:4      | Noticed Pikel
  4149 | D:4      | Noticed a slave
  4152 | D:4      | Noticed a slave
  4157 | D:4      | Noticed a slave
  4166 | D:5      | Entered Level 5 of the Dungeon
  4583 | D:5      | Noticed a sky beast
  4625 | D:5      | Reached XP level 6. HP: 5/32 MP: 0/16
  4943 | D:4      | Slain by a slave

Skill      XL: |  1  2  3  4  5 |
---------------+----------------+-----
Spellcasting   | 4 5 |  5.8
Dodging        | 3 |  3.3
Stealth        | 3 |  3.5
Short Blades   | 1 2 |  2.1
Conjurations   | 2 |  2.3
Fighting       | |  0.2
Charms         | |  0.4
Air Magic      | |  3.6

Action                   |  1- 3 |  4- 6 || total
-------------------------+-------+-------++-------
Melee: Unarmed           |     4 |       ||     4
       Dagger            |    37 |    21 ||    58
       Staff             |       |    20 ||    20
 Cast: Shock             |    73 |    64 ||   137
       Static Discharge  |     6 |    14 ||    20
       Swiftness         |     1 |     3 ||     4
  Use: Scroll            |     6 |       ||     6
 Stab: Sleeping          |     3 |     4 ||     7
       Distracted        |       |     1 ||     1
  Eat: Chunk             |     3 |     1 ||     4
       Ration            |     1 |     2 ||     3
Armor: Robe              |    10 |    15 ||    25
Dodge: Dodged            |    49 |    48 ||    97
